 Dungeon Crawl Stone Soup version 0.25-a0-290-g4a1327ee3a (webtiles) character file.

Game seed: 18266125819053915561, levelgen mode: deterministic

65 floatRand the Shield-Bearer (level 4, -2/35 HPs)
             Began as a Formicid Fighter on Dec 13, 2019.
             Killed from afar by an orc wizard (9 damage)
             ... with a puff of frost
             ... on level 3 of the Dungeon.
             The game lasted 00:02:20 (1290 turns).

floatRand the Shield-Bearer (Formicid Fighter)      Turns: 1290, Time: 00:02:20

Health: -2/35      AC:  8    Str: 26    XL:     4   Next: 35%
Magic:  4/4        EV:  8    Int:  7    God:
Gold:   196        SH: 10    Dex: 11    Spells: 3/3 levels left

rFire    . . .     SeeInvis +   a - +0 long sword
rCold    . . .     Gourm    .   c - +0 shield
rNeg     . . .     Faith    .   b - +0 scale mail
rPois    .         Spirit   .   (helmet unavailable)
rElec    .         Reflect  .   j - +0 cloak
rCorr    .         Harm     .   (no gloves)
MR       .....                  (no boots)
Stlth    +.........             (no amulet)
HPRegen  0.11/turn              (no ring)
MPRegen  0.09/turn              (no ring)

@: mighty
A: permanent stasis, dig shafts and tunnels, four strong arms, antennae 3
a: Dig, Shaft Self


You were on level 3 of the Dungeon.
You were not hungry.

You visited 1 branch of the dungeon, and saw 3 of its levels.

You collected 196 gold pieces.

Inventory:

Hand Weapons
 a - a +0 long sword (weapon)
Armour
 b - a +0 scale mail (worn)
 c - a +0 shield (worn)
 j - a +0 cloak (worn)
Scrolls
 e - 3 scrolls of enchant armour {unknown}
 i - a scroll of teleportation {unknown}
 k - a scroll of random uselessness {unknown}
 m - a scroll of remove curse {unknown}
 n - a scroll of enchant weapon {unknown}
Potions
 h - a potion of brilliance {unknown}
 l - a potion of agility {unknown}
 o - a potion of degeneration {unknown}
 p - a potion of cancellation {unknown}
Comestibles
 f - 3 rations
 q - 13 chunks of flesh


   Skills:
 - Level 3.2 Fighting
 + Level 2.9 Long Blades
 - Level 3.2 Armour
 + Level 2.6 Stealth
 + Level 4.4 Shields


You had 3 spell levels left.
You didn't know any spells.
Your spell library was empty.

Dungeon Overview and Level Annotations

Branches:
Dungeon (3/15)

Altars:
Ashenzari
Fedhas
Qazlal
Trog
Uskayaw
Xom
Yredelemnul

Annotations:
D:3 1 runed translucent door, Crazy Yiuf


Innate Abilities, Weirdness & Mutations

You cannot be hasted, slowed, berserked, paralysed or teleported.
You can dig through walls and to a lower floor.
Your four strong arms can wield two-handed weapons with a shield.
You have a pair of large antennae on your head. (SInv)


Message History

The orc hits you from afar with a cursed +0 trident.
* * * LOW HITPOINT WARNING * * *
The orc wizard casts a spell at you. The puff of frost misses you.
Your shield and scale mail prevent you from hitting the orc wizard.
The orc wizard is severely wounded.
The orc wizard hits you but does no damage.
The orc hits you from afar with a cursed +0 trident.
* * * LOW HITPOINT WARNING * * *
The orc wizard hits you with a +0 dagger.
* * * LOW HITPOINT WARNING * * *
Okay, then.
You feel very mighty all of a sudden. You block the orc's attack.
The orc wizard hits you but does no damage.
You closely miss the orc wizard.
The orc wizard is severely wounded.
The orc wizard gestures at you while chanting.
The puff of frost hits you!
You die...

.# .### ###.
....##...
...... ....
#?#### #....###
#.@!...##
{#)o.....##
##oo.###....###
..###.###
###....####
<..#..
##......##
...#. ##......#
.. _. ###....#
. .# #######.#
..
##...###.####


You could see an orc wizard (invisible) and 2 orcs.

Vanquished Creatures
  An ooze (D:1)
  A dart slug (D:1)
  2 leopard geckos
  5 orcs (D:3)
  10 bats
  A giant cockroach (D:3)
  5 goblins
  4 hobgoblins
  6 jackals
  3 kobolds
  A ball python (D:3)
  3 frilled lizards
  8 rats
50 creatures vanquished.

Notes
Turn   | Place    | Note
-------+----------+-------------------------------------------
     0 | D:1      | floatRand the Formicid Fighter began the quest for the Orb.
     0 | D:1      | Reached XP level 1. HP: 18/18 MP: 1/1
    26 | D:1      | Reached skill level 1 in Stealth
    26 | D:1      | Reached XP level 2. HP: 24/24 MP: 2/2
    61 | D:1      | Reached skill level 4 in Shields
    79 | D:1      | Reached XP level 3. HP: 22/29 MP: 3/3
   821 | D:2      | Found a blossoming altar of Fedhas.
   821 | D:2      | Found a bloodstained altar of Trog.
  1047 | D:3      | Found a stormy altar of Qazlal.
  1055 | D:3      | Found a shimmering altar of Xom.
  1055 | D:3      | Found a hide-covered altar of Uskayaw.
  1071 | D:3      | Found a basalt altar of Yredelemnul.
  1150 | D:3      | Reached XP level 4. HP: 35/35 MP: 4/4
  1239 | D:3      | Found a runed translucent door.
  1240 | D:3      | Noticed Crazy Yiuf
  1267 | D:3      | Found a shattered altar of Ashenzari.
  1290 | D:3      | Killed from afar by an orc wizard

Levels and vault maps discovered:
D:1:      dpeg_arrival_short_road, layout_rooms, serial_bayou_pond_d
D:2:      layout_basic, gammafunk_temple_overflow_wave
D:3:      minmay_diamond_boxcup, layout_basic, kennysheep_slug_shrine,
          nicolae_overflow_hidden_temple, nicolae_overflow_quartered_altars,
          cheibrodos_ashenzari_chains, serial_curves, eino_curves_04,
          eino_curves_02, uniq_grinder, uniq_crazy_yiuf_cottage, uniq_sigmund

Skill      XL: |  1  2  3 |
---------------+----------+-----
Stealth        | 1 2 |  2.6
Shields        | 4 |  4.4
Fighting       | |  3.2
Long Blades    | |  2.9
Armour         | |  3.2

Action                   |  1- 3 |  4- 6 || total
-------------------------+-------+-------++-------
Melee: Long sword        |   110 |    47 ||   157
  Use: Potion            |       |     2 ||     2
  Eat: Chunk             |     1 |     1 ||     2
Armor: Scale mail        |    59 |    28 ||    87
Dodge: Dodged            |    55 |    26 ||    81
Block: Shield            |    76 |    38 ||   114
       Rpst.: Long sword |    16 |     5 ||    21

Table legend:
 A = Non-vault XP
 B = Vault XP
 C = Vault XP percentage of total XP
 D = Non-vault monster count
 E = Vault monster count
 F = Vault count percentage of total count
                 A         B        C        D         E       F
            +---------+---------+-------+---------+---------+-------
      Total |      76 |      18 |  19.1 |      42 |       8 |  16.0
            +---------+---------+-------+---------+---------+-------
        D:1 |      44 |       0 |   0.0 |      22 |       0 |   0.0
        D:2 |       9 |       0 |   0.0 |       6 |       0 |   0.0
        D:3 |      23 |      18 |  43.9 |      14 |       8 |  36.4
            +---------+---------+-------+---------+---------+-------
